MID
AUGUSTA GREENJACKETS @ HARTFORD YARD GOATS
06/09/2044
 
TOP OF THE 1ST
Augusta GreenJackets batting - Pitching for Hartford Yard Goats : LHP Steve Lima
Pitching: LHP Steve Lima
Batting: RHB Danny Gallo 0-0: Ball
1-0: Ball
2-0: Ball
3-0: Called Strike
3-1: Base on Balls
Batting: RHB Mike Buchanan 0-0: Called Strike
0-1: Ball
1-1: Fly out, F6 (Popup, 6M, EV 53.8 MPH)
Batting: LHB Carey Horncole 0-0: Ball
1-0: Ball
2-0: Called Strike
2-1: Foul Ball, location: 2F
2-2: Fielders Choice at 2nd, 3-6 (Groundball, 34S, EV 90.0 MPH)
Batting: RHB Chris King 0-0: Ball
1-0: Called Strike
1-1: Foul Ball, location: 2F
1-2: Strikes out swinging
Top of the 1st over - 0 runs, 0 hits, 0 errors, 1 left on base; Augusta 0 - Hartford 0
BOTTOM OF THE 1ST
Hartford Yard Goats batting - Pitching for Augusta GreenJackets : RHP Israel Alvarado
Pitching: RHP Israel Alvarado
Batting: SHB Eddie Quinones 0-0: Ball
1-0: Foul Ball, location: 2F
1-1: DOUBLE (Line Drive, 78D, EV 101.3 MPH)
Batting: SHB Pete Perla 0-0: Fly out, F8 (Line Drive, 8RD, EV 91.3 MPH)
Batting: LHB Jeremy Brammer 0-0: Ball
1-0: Ball
2-0: Ball
3-0: Swinging Strike
3-1: Swinging Strike
3-2: Strikes out swinging
Batting: SHB In-sung Lee 0-0: Ball
1-0: Foul Ball, location: 2F
1-1: Called Strike
1-2: Ball
2-2: Foul Ball, location: 2F
2-2: Strikes out swinging
Bottom of the 1st over - 0 runs, 1 hit, 0 errors, 1 left on base; Augusta 0 - Hartford 0
TOP OF THE 2ND
Augusta GreenJackets batting - Pitching for Hartford Yard Goats : LHP Steve Lima
Batting: RHB Doug Kennie 0-0: Ball
1-0: Swinging Strike
1-1: Ball
2-1: Ball
3-1: Foul Ball, location: 2F
3-2: Foul Ball, location: 2F
3-2: Base on Balls
Batting: RHB Drew Duncan 0-0: Swinging Strike
0-1: Called Strike
0-2: Ball
1-2: Ball
2-2: Foul Ball, location: 2F
2-2: Fly out, F7 (Flyball, 7LS, EV 76.3 MPH)
Batting: RHB Juan Flores 0-0: Ball
1-0: Swinging Strike
1-1: Ball
2-1: Foul Ball, location: 2F
2-2: Fly out, F8 (Flyball, 8RD, EV 72.5 MPH)
Batting: LHB John Whitman 0-0: Ball
1-0: Fly out, F9 (Line Drive, 9, EV 92.5 MPH)
Top of the 2nd over - 0 runs, 0 hits, 0 errors, 1 left on base; Augusta 0 - Hartford 0
BOTTOM OF THE 2ND
Hartford Yard Goats batting - Pitching for Augusta GreenJackets : RHP Israel Alvarado
Batting: RHB Eric Garrett 0-0: Called Strike
0-1: Ground out 6-3 (Groundball, 56, EV 98.1 MPH)
Batting: RHB Eric Delgado 0-0: Called Strike
0-1: Ball
1-1: Ball
2-1: Swinging Strike
2-2: Ball
3-2: Strikes out swinging
Batting: RHB Steve Waltenbery 0-0: Called Strike
0-1: Ball
1-1: Ball
2-1: Ball
3-1: Base on Balls
Batting: SHB Jamie Locke 0-0: Ball
1-0: Called Strike
1-1: Reached on error, E5 (Groundball, 56, EV 84.4 MPH)
Steve Waltenbery to second
Batting: LHB Mick Knopp 0-0: Ball
1-0: Called Strike
1-1: Foul Ball, location: 2F
1-2: Strikes out looking
Bottom of the 2nd over - 0 runs, 0 hits, 1 error, 2 left on base; Augusta 0 - Hartford 0
TOP OF THE 3RD
Augusta GreenJackets batting - Pitching for Hartford Yard Goats : LHP Steve Lima
Batting: RHB Devin Lowery 0-0: Ball
1-0: Swinging Strike
1-1: Foul Ball, location: 2F
1-2: Strikes out swinging
Batting: RHB Danny Gallo 0-0: Ball
1-0: Ball
2-0: Ball
3-0: Base on Balls
Batting: RHB Mike Buchanan 0-0: Ball
Pickoff Throw to First - Out! 1-3
1-0: Ball
2-0: Ball
3-0: Base on Balls
Batting: LHB Carey Horncole 0-0: Swinging Strike
0-1: Ball
1-1: Ball
2-1: Swinging Strike
2-2: Strikes out swinging
Top of the 3rd over - 0 runs, 0 hits, 0 errors, 1 left on base; Augusta 0 - Hartford 0
BOTTOM OF THE 3RD
Hartford Yard Goats batting - Pitching for Augusta GreenJackets : RHP Israel Alvarado
Batting: SHB Eddie Quinones 0-0: Foul Ball, location: 2F
0-1: Ball
1-1: Ball
2-1: Ground out 4-3 (Groundball, 4, EV 99.4 MPH)
Batting: SHB Pete Perla 0-0: Called Strike
0-1: Foul Ball, location: 2F
0-2: Ball
1-2: SINGLE (Line Drive, 6MD, EV 103.8 MPH)
Batting: LHB Jeremy Brammer 0-0: Ball
1-0: Ball
2-0: Fly out, F9 (Flyball, 9LM, EV 100.0 MPH)
Batting: SHB In-sung Lee 0-0: Ball
Pete Perla steals 2nd base
1-0: Ball
2-0: Ball
3-0: Base on Balls
Pitching: RHP Billy Scheer
Batting: RHB Eric Garrett 0-0: Ball
1-0: Called Strike
1-1: Foul Ball, location: 2F
1-2: Ball
2-2: Ground out 4-3 (Groundball, 4, EV 83.1 MPH)
Bottom of the 3rd over - 0 runs, 1 hit, 0 errors, 2 left on base; Augusta 0 - Hartford 0
TOP OF THE 4TH
Augusta GreenJackets batting - Pitching for Hartford Yard Goats : LHP Steve Lima
Batting: RHB Chris King 0-0: Ball
1-0: Ball
2-0: Foul Ball, location: 2F
2-1: Fly out, F7 (Flyball, 7LD, EV 88.1 MPH)
Batting: RHB Doug Kennie 0-0: Ball
1-0: Called Strike
1-1: Called Strike
1-2: Strikes out swinging
Batting: RHB Drew Duncan 0-0: Ground out 5-3 (Groundball, 5, EV 75.6 MPH)
Top of the 4th over - 0 runs, 0 hits, 0 errors, 0 left on base; Augusta 0 - Hartford 0
BOTTOM OF THE 4TH
Hartford Yard Goats batting - Pitching for Augusta GreenJackets : RHP Billy Scheer
Batting: RHB Eric Delgado 0-0: Foul Ball, location: 2F
0-1: Foul Ball, location: 2F
0-2: Ball
1-2: Foul Ball, location: 2F
1-2: Ball
2-2: Strikes out swinging
Batting: RHB Steve Waltenbery 0-0: Ball
1-0: Ground out 5-3 (Groundball, 5, EV 98.1 MPH)
Batting: SHB Jamie Locke 0-0: Ball
1-0: Called Strike
1-1: Fly out, F8 (Flyball, 8LXD, EV 101.9 MPH)
Bottom of the 4th over - 0 runs, 0 hits, 0 errors, 0 left on base; Augusta 0 - Hartford 0
TOP OF THE 5TH
Augusta GreenJackets batting - Pitching for Hartford Yard Goats : LHP Steve Lima
Batting: RHB Juan Flores 0-0: Ball
1-0: Ground out 4-3 (Groundball, 6M, EV 85.0 MPH)
Batting: LHB John Whitman 0-0: Swinging Strike
0-1: Foul Ball, location: 2F
0-2: Foul Ball, location: 2F
0-2: Ground out 1-3 (Groundball, 13S, EV 67.5 MPH)
Batting: RHB Devin Lowery 0-0: Swinging Strike
0-1: Ball
1-1: Swinging Strike
1-2: Ground out 4-3 (Groundball, 4, EV 88.8 MPH)
Top of the 5th over - 0 runs, 0 hits, 0 errors, 0 left on base; Augusta 0 - Hartford 0
BOTTOM OF THE 5TH
Hartford Yard Goats batting - Pitching for Augusta GreenJackets : RHP Billy Scheer
Batting: LHB Mick Knopp 0-0: Ball
1-0: Ground out 6-3 (Groundball, 4MS, EV 71.3 MPH)
Batting: SHB Eddie Quinones 0-0: Called Strike
0-1: Foul Ball, location: 2F
0-2: Strikes out swinging
Batting: SHB Pete Perla 0-0: Called Strike
0-1: Swinging Strike
0-2: DOUBLE (Line Drive, 7LS, EV 103.1 MPH)
Batting: LHB Jeremy Brammer 0-0: Foul Ball, location: 2F
0-1: Ball
1-1: Ball
2-1: TRIPLE (Line Drive, 78XD, EV 105.6 MPH)
Pete Perla scores
Batting: SHB In-sung Lee 0-0: Ball
1-0: Ball
2-0: Ball
3-0: Fly out, F8 (Flyball, 8LXD, EV 90.0 MPH)
Bottom of the 5th over - 1 run, 2 hits, 0 errors, 1 left on base; Augusta 0 - Hartford 1
TOP OF THE 6TH
Augusta GreenJackets batting - Pitching for Hartford Yard Goats : LHP Steve Lima
Batting: RHB Danny Gallo 0-0: Called Strike
0-1: Swinging Strike
0-2: Fly out, F4 (Popup, 4M, EV 53.1 MPH)
Batting: RHB Mike Buchanan 0-0: Ball
1-0: Foul Ball, location: 2F
1-1: Called Strike
1-2: Ground out 4-3 (Groundball, 34D, EV 88.8 MPH)
Batting: LHB Carey Horncole 0-0: Ball
1-0: Called Strike
1-1: Foul Ball, location: 2F
1-2: Ball
2-2: Ball
3-2: Foul Ball, location: 2F
3-2: Foul Ball, location: 2F
3-2: Ground out 4-3 (Groundball, 34, EV 90.0 MPH)
Top of the 6th over - 0 runs, 0 hits, 0 errors, 0 left on base; Augusta 0 - Hartford 1
BOTTOM OF THE 6TH
Hartford Yard Goats batting - Pitching for Augusta GreenJackets : RHP Billy Scheer
Batting: RHB Eric Garrett 0-0: Called Strike
0-1: DOUBLE (Line Drive, 7LD, EV 101.9 MPH)
Batting: RHB Eric Delgado 0-0: Called Strike
0-1: Foul Ball, location: 2F
0-2: SINGLE (Groundball, 25, EV 65.6 MPH) (infield hit)
Eric Garrett to third
Batting: RHB Steve Waltenbery 0-0: Ground out 6-3 (Groundball, 56, EV 101.9 MPH)
Eric Garrett scores
Eric Delgado to second
Batting: SHB Jamie Locke 0-0: Ball
1-0: Called Strike
1-1: Called Strike
1-2: Ball
2-2: Ball
3-2: Strikes out looking
Batting: LHB Mick Knopp 0-0: Ball
1-0: Ground out 3-1 (Groundball, 34S, EV 86.3 MPH)
Bottom of the 6th over - 1 run, 2 hits, 0 errors, 1 left on base; Augusta 0 - Hartford 2
TOP OF THE 7TH
Augusta GreenJackets batting - Pitching for Hartford Yard Goats : LHP Steve Lima
Batting: RHB Chris King 0-0: Called Strike
0-1: Ball
1-1: Fly out, F9 (Flyball, 9, EV 83.8 MPH)
Batting: RHB Doug Kennie 0-0: Foul Ball, location: 2F
0-1: Ball
1-1: Foul Ball, location: 2F
1-2: Foul Ball, location: 2F
1-2: Ball
2-2: Fly out, F8 (Flyball, 89XD, EV 83.8 MPH)
Batting: RHB Drew Duncan 0-0: Foul Ball, location: 2F
0-1: Ball
1-1: Ball
2-1: Called Strike
2-2: Strikes out looking
Top of the 7th over - 0 runs, 0 hits, 0 errors, 0 left on base; Augusta 0 - Hartford 2
BOTTOM OF THE 7TH
Hartford Yard Goats batting - Pitching for Augusta GreenJackets : RHP Billy Scheer
Pitching: RHP Ron Riley
Batting: SHB Eddie Quinones 0-0: Swinging Strike
0-1: Foul Ball, location: 2F
0-2: Ground out U3 (Groundball, 3, EV 86.3 MPH)
Batting: SHB Pete Perla 0-0: Swinging Strike
0-1: Ball
1-1: Swinging Strike
1-2: Ball
2-2: Ball
3-2: Fly out, F8 (Flyball, 8LD, EV 88.1 MPH)
Batting: LHB Jeremy Brammer 0-0: Foul Ball, location: 2F
0-1: Ball
1-1: Ball
2-1: Called Strike
2-2: Ball
3-2: Strikes out swinging
Bottom of the 7th over - 0 runs, 0 hits, 0 errors, 0 left on base; Augusta 0 - Hartford 2
TOP OF THE 8TH
Augusta GreenJackets batting - Pitching for Hartford Yard Goats : LHP Steve Lima
Now at 1B: Brian Levensailor
Now in LF: Kian-tat Chen
Now in CF: Mick Knopp
Batting: RHB Juan Flores 0-0: Ball
1-0: Called Strike
1-1: Called Strike
1-2: Fly out, F5 (Line Drive, 5, EV 69.4 MPH)
Batting: LHB John Whitman 0-0: Ball
1-0: Ball
2-0: Ground out 5-3 (Groundball, 56S, EV 90.6 MPH)
Batting: RHB Devin Lowery 0-0: Ball
1-0: Foul Ball, location: 2F
1-1: Ball
2-1: Foul Ball, location: 2F
2-2: Ball
3-2: Foul Ball, location: 2F
3-2: Base on Balls
Pitching: LHP Ryan Morlan
Batting: RHB Danny Gallo 0-0: Ball
1-0: Ball
2-0: Ball
3-0: Base on Balls
Devin Lowery to second
Batting: RHB Mike Buchanan 0-0: Ball
1-0: Swinging Strike
1-1: SINGLE (Line Drive, 4M, EV 96.9 MPH)
Devin Lowery to third
Danny Gallo to second
Batting: LHB Carey Horncole 0-0: Foul Ball, location: 2F
0-1: Foul Ball, location: 2F
0-2: DOUBLE (Line Drive, 89M, EV 107.5 MPH)
Devin Lowery scores
Danny Gallo scores
Mike Buchanan to third
Batting: RHB Chris King 0-0: Swinging Strike
0-1: Swinging Strike
0-2: Ball
1-2: Strikes out swinging
Top of the 8th over - 2 runs, 2 hits, 0 errors, 2 left on base; Augusta 2 - Hartford 2
BOTTOM OF THE 8TH
Hartford Yard Goats batting - Pitching for Augusta GreenJackets : RHP Ron Riley
Pitching: LHP Kyle Worford
Batting: SHB In-sung Lee 0-0: Called Strike
0-1: Called Strike
0-2: Foul Ball, location: 2F
0-2: Foul Ball, location: 2F
0-2: Ball
1-2: Foul Ball, location: 2F
1-2: Strikes out looking
Batting: RHB Eric Garrett 0-0: Ball
1-0: Ball
2-0: Foul Ball, location: 2F
2-1: Swinging Strike
2-2: Fly out, F8 (Line Drive, 8RM, EV 96.9 MPH)
Batting: RHB Eric Delgado 0-0: Ball
1-0: Called Strike
1-1: Called Strike
1-2: Strikes out swinging
Bottom of the 8th over - 0 runs, 0 hits, 0 errors, 0 left on base; Augusta 2 - Hartford 2
TOP OF THE 9TH
Augusta GreenJackets batting - Pitching for Hartford Yard Goats : LHP Ryan Morlan
Pitching: RHP Joe Goodale
Batting: RHB Doug Kennie 0-0: Ball
1-0: Ball
2-0: Swinging Strike
2-1: Foul Ball, location: 2F
2-2: Foul Ball, location: 2F
2-2: Ball
3-2: Base on Balls
Pinch Hitting: LHB Gabe Velez 0-0: Foul Ball, location: 2F
0-1: Ball
1-1: DOUBLE (Flyball, 89XD, EV 105.6 MPH)
Doug Kennie to third
Pinch Hitting: LHB Pong-keun Koh 0-0: Swinging Strike
0-1: Ball
1-1: Swinging Strike
1-2: Foul Ball, location: 2F
1-2: Foul Ball, location: 2F
1-2: Strikes out swinging
Batting: LHB John Whitman 0-0: Ball
1-0: Foul Ball, location: 2F
1-1: Foul Ball, location: 2F
1-2: Foul Ball, location: 2F
1-2: Strikes out looking
Pinch Hitting: LHB Terry Ebersole 0-0: Intentional Walk
Batting: RHB Danny Gallo 0-0: Swinging Strike
0-1: Foul Ball, location: 2F
0-2: Foul Ball, location: 2F
0-2: Foul Ball, location: 2F
0-2: Ball
1-2: Strikes out swinging
Top of the 9th over - 0 runs, 1 hit, 0 errors, 3 left on base; Augusta 2 - Hartford 2
BOTTOM OF THE 9TH
Hartford Yard Goats batting - Pitching for Augusta GreenJackets : LHP Kyle Worford
Pitching: LHP Travis Stichter
Now at C: Terry Ebersole
Now at 1B: Omar Jordan
Now at 2B: Danny Gallo
Now at 3B: Alfredo Lemus
Batting: RHB Steve Waltenbery 0-0: Ball
1-0: Foul Ball, location: 2F
1-1: Swinging Strike
1-2: Strikes out swinging
Batting: SHB Jamie Locke 0-0: Swinging Strike
0-1: Foul Ball, location: 2F
0-2: Ball
1-2: Ball
2-2: Ball
3-2: Foul Ball, location: 2F
3-2: Strikes out swinging
Batting: LHB Mick Knopp 0-0: Ball
1-0: Ground out 6-3 (Groundball, 6S, EV 68.8 MPH)
Bottom of the 9th over - 0 runs, 0 hits, 0 errors, 0 left on base; Augusta 2 - Hartford 2
TOP OF THE 10TH
Augusta GreenJackets batting - Pitching for Hartford Yard Goats : RHP Joe Goodale
Pitching: RHP Tony Barragan
Batting: RHB Mike Buchanan 0-0: Called Strike
0-1: Ball
1-1: Ground out 6-3 (Groundball, 6, EV 103.1 MPH)
Batting: LHB Carey Horncole 0-0: Ball
1-0: Foul Ball, location: 2F
1-1: Ball
2-1: Foul Ball, location: 2F
2-2: Ball
3-2: DOUBLE (Flyball, 8LXD, EV 100.0 MPH)
Batting: RHB Chris King 0-0: Called Strike
0-1: Called Strike
0-2: Foul Ball, location: 2F
0-2: Ball
1-2: DOUBLE (Groundball, 5L, EV 101.3 MPH)
Carey Horncole scores
Batting: RHB Doug Kennie 0-0: Called Strike
0-1: Ball
1-1: Called Strike
1-2: Ball
2-2: Ball
3-2: Ground out 5-3 (Groundball, 56, EV 105.6 MPH)
Pitching: RHP Travis Porter
Batting: RHB Omar Jordan 0-0: Foul Ball, location: 2F
0-1: Ball
1-1: Swinging Strike
1-2: Ball
2-2: Strikes out swinging
Top of the 10th over - 1 run, 2 hits, 0 errors, 1 left on base; Augusta 3 - Hartford 2
BOTTOM OF THE 10TH
Hartford Yard Goats batting - Pitching for Augusta GreenJackets : LHP Travis Stichter
Pitching: RHP Nate Heideman
Batting: RHB Kian-tat Chen 0-0: Ball
1-0: SINGLE (Line Drive, 89D, EV 100.0 MPH)
Batting: SHB Pete Perla 0-0: SINGLE (Line Drive, 89M, EV 106.9 MPH)
Kian-tat Chen to second
Runner from 2nd tries for 3rd, SAFE, throw by RF made to third
Batting: LHB Brian Levensailor 0-0: Ball
1-0: Ball
2-0: Called Strike
2-1: Ball
3-1: Base on Balls
Pete Perla to second
Batting: SHB In-sung Lee 0-0: Ball
1-0: Called Strike
1-1: Foul Ball, location: 2F
1-2: Grounds into fielders choice 3-2 (Groundball, 34S, EV 80.0 MPH)
Pete Perla to third
Brian Levensailor to second
Batting: RHB Eric Garrett 0-0: Called Strike
0-1: Foul Ball, location: 2F
0-2: Ball
1-2: Fly out, F4 (Popup, 3D, EV 51.3 MPH)
Batting: RHB Eric Delgado 0-0: Called Strike
0-1: Ball
1-1: Foul Ball, location: 2F
1-2: Foul Ball, location: 2F
1-2: Ball
2-2: Strikes out looking
Bottom of the 10th over - 0 runs, 2 hits, 0 errors, 3 left on base; Augusta 3 - Hartford 2
Thursday, March 31st , 2022 - OOTP Baseball 22.12 Build 89